 Dungeon Crawl Stone Soup version 0.25.1-2-g60ff931df9 (webtiles) character file.

Game seed: 10188005216081728759

46 Mrkan the Skirmisher (level 3, -3/33 HPs)
             Began as a Draconian Fighter on Nov 10, 2020.
             Slain by an orc wizard
             ... wielding a +2 dagger of draining
              (4 damage)
             ... on level 2 of the Dungeon.
             The game lasted 00:01:34 (1604 turns).

Mrkan the Skirmisher (Draconian Fighter)            Turns: 1604, Time: 00:01:34

Health: -3/33      AC:  6    Str: 19    XL:     3   Next: 46%
Magic:  3/3        EV:  8    Int:  8    God:
Gold:   52         SH:  7    Dex: 10    Spells: 2/2 levels left

rFire    . . .     SeeInvis .   a - +0 war axe
rCold    . . .     Gourm    .   b - +0 kite shield
rNeg     . . .     Faith    .   (armour unavailable)
rPois    .         Spirit   .   (helmet restricted)
rElec    .         Reflect  .   (no cloak)
rCorr    .         Harm     .   k - +0 pair of gloves
MR       .....                  (no boots)
Stlth    +.........             (no amulet)
HPRegen  0.11/turn              (no ring)
MPRegen  0.08/turn              (no ring)

@: heavily drained
A: unfitting armour, cold-blooded, AC +5
a: no special abilities


You were on level 2 of the Dungeon.
You were not hungry.

You visited 1 branch of the dungeon, and saw 2 of its levels.

You collected 52 gold pieces.

Inventory:

Hand Weapons
 a - a +0 war axe (weapon)
Armour
 b - a +0 kite shield (worn)
 k - a +0 pair of gloves (worn)
Jewellery
 e - an uncursed ring of protection from cold {unknown}
 g - a +4 ring of evasion {unknown}
Scrolls
 h - 2 scrolls of identify {unknown}
Potions
 c - a potion of might
 f - a potion of brilliance {unknown}
 i - a potion of haste {unknown}
 j - a potion of degeneration {unknown}
 l - a potion of lignification {unknown}
Comestibles
 d - a ration
 m - a chunk of flesh


   Skills:
 + Level 3.9(1.2) Fighting
 * Level 3.4(0.8) Axes
 - Level 2.6(0.1) Dodging
 - Level 3.0(0.4) Shields


You had 2 spell levels left.
You didn't know any spells.
Your spell library was empty.

Dungeon Overview and Level Annotations

Branches:
Dungeon (2/15)

Altars:


Innate Abilities, Weirdness & Mutations

Your plain brown scales are hard. (AC +5)
You cannot fit into any form of body armour.
You are cold-blooded and may be slowed by cold attacks.


Message History

* * * LOW HITPOINT WARNING * * *
You feel drained.
* * * LOW HITPOINT WARNING * * *
You closely miss the orc wizard.
The orc wizard is heavily wounded.
You block the orc wizard's attack.
Your shield prevents you from hitting the orc wizard.
Your tail-slap misses the orc wizard.
The orc wizard is heavily wounded.
The orc wizard looks braver for a moment.
The orc wizard hits you but does no damage.
You feel drained.
You closely miss the orc wizard.
Your tail-slap misses the orc wizard.
The orc wizard is heavily wounded.
The orc wizard barely misses you.
You hit the orc wizard.
The orc wizard is severely wounded.
You block the orc wizard's attack.
The orc wizard hits you with a +2 dagger of draining.
You die...

#.. ### #!.
.. #.#.?
##.#. # ...
.# ####w#..#
#..Kr...#
#.#o##......
#.#@# #..##
#...# ##
###.# #.#
#.# #.# #<#
r.......#
#######.#


You could see a worm, an orc wizard, a kobold and a rat.

Vanquished Creatures
  An adder (D:2)
  A dart slug (D:1)
  3 leopard geckos (D:1)
  2 giant cockroaches
  9 goblins
  4 hobgoblins (D:1)
  2 frilled lizards (D:1)
  3 kobolds (D:1)
  6 rats
31 creatures vanquished.

Notes
Turn   | Place    | Note
-------+----------+-------------------------------------------
     0 | D:1      | Mrkan the Draconian Fighter began the quest for the Orb.
     0 | D:1      | Reached XP level 1. HP: 19/19 MP: 1/1
   397 | D:1      | Reached XP level 2. HP: 18/26 MP: 2/2
  1006 | D:1      | Reached XP level 3. HP: 33/33 MP: 3/3
  1600 | D:2      | HP: 1/33 [orc wizard/+2 dagger of draining (2)]
  1604 | D:2      | Slain by an orc wizard

Illustrated notes

Levels and vault maps discovered:
D:1:      eino_arrival_cavern_e, layout_basic, hangedman_decor_diamond_cutter,
          grunt_decor_resistance, grunt_decor_mini_mirrors,
          minmay_misc_feat_ornament, corexii_leaking_fountain, st_stairs_13,
          minmay_split_cup_large
D:2:      layout_loops_ring, minitemple, chequers_ecumenical_altar_simple,
          first_ration, minmay_pentomino_o4

Skill      XL: |  1  2 |
---------------+-------+-----
Axes           | 3 |  3.4
Fighting       | |  3.9
Dodging        | |  2.6
Shields        | |  3.0

Action                   || total
-------------------------++-------
Melee: War axe           ||   115
       Tailslap          ||     8
  Eat: Chunk             ||     2
Armor: Skin              ||    28
Dodge: Dodged            ||    42
Block: Kite shield       ||    65
